 Dungeon Crawl Stone Soup version 0.31-a0-233-g139696dc86 (webtiles) character file.

Game seed: 887157265436631839

30 Maxmaps the Poker (level 3, 0/27 HPs)
             Began as a Demonspawn Reaver on July 9, 2023.
             Slain by a jackal (3 damage)
             ... on level 2 of the Dungeon.
             The game lasted 00:00:44 (871 turns).

Maxmaps the Poker (Demonspawn Reaver)                Turns: 871, Time: 00:00:45

Health: 0/27       AC:  3    Str: 12    XL:     3   Next: 5%
Magic:  6/6        EV: 11    Int: 16    God:
Gold:   124        SH:  0    Dex: 11    Spells: 5/6 levels left

rFire   . . .        a - +0 spear
rCold   . . .        (no shield)
rNeg    . . .        b - +0 leather armour
rPois   .            (helmet restricted)
rElec   .            (no cloak)
rCorr   .            (no gloves)
SInv    .            (no boots)
Will    .....        (no amulet)
Stlth   +            (no ring)
HPRegen 0.24/turn    (no ring)
MPRegen 0.20/turn

%: no passive effects
@: lethally poisoned (0 -> -1)
A: antennae 1, magic regeneration
a: no special abilities


You were on level 2 of the Dungeon.
You visited 1 branch of the dungeon, and saw 2 of its levels.

You collected 124 gold pieces.

Inventory:

Hand Weapons
 a - a +0 spear (weapon)
Armour
 b - a +0 leather armour (worn)
Scrolls
 c - a scroll of enchant armour {unknown}
 d - a scroll of amnesia {unknown}
 e - 2 scrolls of fear {unknown}
 f - 2 scrolls of teleportation {unknown}
 g - a scroll of identify {unknown}


   Skills:
 - Level 2.0 Fighting
 + Level 3.8 Polearms
 - Level 1.7 Dodging
 - Level 2.0 Spellcasting
 - Level 3.0 Conjurations


You had 5 spell levels left.
You knew the following spells:

 Your Spells              Type           Power      Damage    Failure   Level
a - Kiss of Death         Conj/Necr      24%        2d7       14%         1

Your spell library contained the following spells:

 Spells                   Type           Power      Damage    Failure   Level
 Momentum Strike          Conj/Tloc      12%        3d8       22%         2
 Hailstorm                Conj/Ice       6%         3d4       38%         3


Dungeon Overview and Level Annotations

Branches:
Dungeon (2/15)

Altars:
Dithmenos


Innate Abilities, Weirdness & Mutations

You have a pair of small antennae on your head.
You regenerate magic rapidly.


Message History

You are poisoned.
The adder poisons you! The giant cockroach closely misses you.
The adder attacks as you move away! The adder barely misses you.
You feel sick. The goblin barely misses you.
The giant cockroach waves its antennae.
The giant cockroach closely misses you. The adder bites you but does no damage.
The adder attacks as you move away! The adder closely misses you.
You feel sick. The goblin barely misses you.
You feel sick.
You feel sick.
You are no longer poisoned.
You see here a scroll labelled JEMMAE SUXZOI.
The adder bites you.
You are poisoned.
The adder poisons you! 2 jackals come into view.
You feel sick.
The jackal barks! x2
The giant cockroach bites you but does no damage.
You hit the adder.
The adder is almost dead.
You feel sick. The adder closely misses you. The giant cockroach bites you.
* * * LOW HITPOINT WARNING * * *
The adder attacks as you move away! The adder closely misses you.
You feel sick.
A jackal comes into view.
The jackal bites you but does no damage.
You barely miss the adder.
The adder is almost dead.
You feel sick.
The jackal barks!
You hear a bark!
The adder bites you.
* * * LOW HITPOINT WARNING * * *
The jackal bites you but does no damage.
The adder barely misses you.
You aren't carrying any potions.
You closely miss the adder.
The adder is almost dead.
You feel sick. The jackal bites you.
You die...

....####.###+#
#... ... ....#
#.#... #..# ....
_...# #.#..# #..#
..# ....# #.#..#
#..#...## ....#
#.#..####..#h)..
###.#
#....†......#.#
....#
###..#..#.....#
##### #..##..hh.#
##.####@##########
#.# #S#.........
#.# #JBg......$.
#.# ##?.........
#.######.........
"....$..........
................
............####
................


You could see an adder, an endoplasm, 3 jackals and a giant cockroach.

Vanquished Creatures
  A dart slug (D:2)
  5 ball pythons
  2 endoplasms (D:1)
  2 giant cockroaches
  3 goblins
  4 jackals (D:1)
  3 bats
  A frilled lizard (D:1)
  3 kobolds
  A rat (D:1)
25 creatures vanquished.

Notes
Turn   | Place    | Note
-------+----------+-------------------------------------------
     0 | D:1      | Maxmaps the Demonspawn Reaver began the quest for the Orb.
     0 | D:1      | Reached XP level 1. HP: 16/16 MP: 3/3
   120 | D:1      | Gained mutation: You regenerate magic rapidly. [demonic
                  | ancestry]
   120 | D:1      | Reached XP level 2. HP: 9/22 MP: 5/5
   584 | D:2      | Found a faded altar of an unknown god.
   697 | D:2      | Found a shadowy altar of Dithmenos.
   819 | D:2      | Gained mutation: You have a pair of small antennae on your
                  | head. [demonic ancestry]
   819 | D:2      | Reached XP level 3. HP: 27/27 MP: 6/6
   871 | D:2      | Slain by a jackal

Illustrated notes

Levels and vault maps discovered:
D:1:      dpeg_arrival_fog, layout_rooms
D:2:      layout_basic, shapermc_ecumenical_altar_flowoftime, basic_altar

Skill      XL: |  1 |
---------------+----+-----
Polearms       | 3 |  3.8
Fighting       | |  2.0
Dodging        | |  1.7
Spellcasting   | |  2.0
Conjurations   | |  3.0

Action                     || total
---------------------------++-------
  Melee: Spear             ||    91
         Punch             ||     3
 Armour: Leather armour    ||    26
  Dodge: Dodged            ||    63

Table legend: (Time is in decaauts)
 A = Elapsed time spent in this place.
 B = Non-inter-level travel time spent in this place.
 C = Inter-level travel time spent in this place.
 D = Time resting spent in this place.
 E = Time spent auto-exploring this place.
 F = Levels seen in this place.
 G = Mean time per level.
                   A        B        C        D        E       F      G
               +--------+--------+--------+--------+--------+-----+--------+
         Total |    864 |    840 |     24 |     57 |    622 |   2 |  432.0 |
       Dungeon |    864 |    840 |     24 |     57 |    622 |   2 |  432.0 |
               +--------+--------+--------+--------+--------+-----+--------+

Top non-repeatable levels by time:
     D:1: 572 daAuts
     D:2: 292 daAuts
